 Dungeon Crawl Stone Soup version 0.20-a0-303-g575bbf7 (webtiles) character file.

80 snakesoul the Vexing (level 4, -16/30 HPs)
             Began as a Vampire Enchanter on Dec 17, 2016.
             Demolished by a sun demon (19 damage)
             ... summoned by an orc sorcerer
             ... led by an orc knight
             ... on level 1 of the Dungeon.
             The game lasted 00:04:59 (7365 turns).

snakesoul the Vexing (Vampire Enchanter)            Turns: 7365, Time: 00:05:02

Health: -16/30     AC:  3    Str:  7    XL:     4   Next: 18%
Magic:  1/7        EV: 13    Int: 17    God:
Gold:   39         SH:  0    Dex: 15    Spells: 5/8 levels left

rFire  . . .     SeeInvis +     a - +1 dagger
rCold  + + .     Gourm    .     b - +1 robe
rNeg   + + +     Faith    .     (no shield)
rPois  ∞         Spirit   .     (no helmet)
rElec  .         Reflect  .     (no cloak)
rCorr  .         Harm     .     (no gloves)
MR     .....     Rnd*Tele +     (no boots)
Stlth  +++++.....               g - amulet of magic regeneration
                                (no ring)
                                j - ring of teleportation (curse)

@: very slightly contaminated, bloodless, non-regenerating
A: fangs 3, see invisible, unbreathing
a: Bat Form


You were on level 1 of the Dungeon.
You were bloodless.

You visited 1 branch of the dungeon, and saw 1 of its levels.

You collected 39 gold pieces.

Inventory:

Hand Weapons
 a - a +1 dagger (weapon)
Armour
 b - a +1 robe (worn)
Jewellery
 g - an amulet of magic regeneration (around neck)
 j - a cursed ring of teleportation (left hand)
Scrolls
 e - 2 scrolls of identify
 h - a scroll of blinking
Potions
 i - a potion of agility {unknown}
Books
 c - a book of Maledictions

   Spells                             Type                      Level
   a - Corona                         Hexes                        1
   b - Ensorcelled Hibernation        Hexes/Ice                    2
   c - Confuse                        Hexes                        3
   d - Tukima's Dance                 Hexes                        3
   e - Dazzling Spray                 Conjuration/Hexes            3


   Skills:
 + Level 2.1 Short Blades
 - Level 2.1 Dodging
 + Level 5.1 Stealth
 + Level 2.6 Spellcasting
 * Level 5.8 Hexes


You had 5 spell levels left.
You knew the following spells:

 Your Spells              Type           Power        Failure   Level  Hunger
a - Corona                Hex            ###....      1%          1    #......
b - Ensorcelled Hibernat  Hex/Ice        ##....       10%         2    ##.....


Dungeon Overview and Level Annotations

Branches:
Dungeon (1/15)

Altars:


Innate Abilities, Weirdness & Mutations

You do not heal naturally.
You are immune to poison.
You have razor-sharp teeth.
You have supernaturally acute eyesight. (SInv)
You can survive without breathing.


Message History

Casting: Ensorcelled Hibernation
Confirm with . or Enter, or press ? or * to list all spells.
Aiming: Ensorcelled Hibernation
Press: ? - help, Shift-Dir - straight line, f/p - sun demon
Aim: a sun demon (summoned, chance to defeat MR: 5%)
The orc knight is unaffected.
The orc knight hits you with a long sword of electrocution!
Casting: Ensorcelled Hibernation
Confirm with . or Enter, or press ? or * to list all spells.
Aiming: Ensorcelled Hibernation
Press: ? - help, Shift-Dir - straight line, f/p - sun demon
Aim: a sun demon (summoned, chance to defeat MR: 5%)
The orc knight is unaffected.
The orc knight hits you with a long sword of electrocution!
* * * LOW HITPOINT WARNING * * *
The sun demon hits you.
* * * LOW HITPOINT WARNING * * *
You are engulfed in flames!!
Ouch! That really hurt!
You die...

###### #### ### ######.##.# #..#
#.# ..).....#.# #..# #.#
######.##.# #..# ######.# #
#.##.# #..# #.......
######.##.######..########.####..
...............3@........#.# #..
...............oo........#.####..
..............oo.................
.......##.#.......######.#.####..
............o.T..........#.####..
##.#...##.#.......###............
##.#..............###.#..#.####..
.................................
#.........#.......#####.....###..


You could see an orc knight, a sun demon, a troll, an orc sorcerer, an orc
warrior and 2 orcs.

Vanquished Creatures
  An adder (D:1)
  2 oozes (D:1)
  7 dart slugs (D:1)
  3 leopard geckos (D:1)
  5 bats (D:1)
  2 giant cockroaches (D:1)
  6 goblins (D:1)
  6 hobgoblins (D:1)
  7 frilled lizards (D:1)
  4 kobolds (D:1)
  6 rats (D:1)
49 creatures vanquished.

Notes
Turn   | Place    | Note
-------+----------+-------------------------------------------
     0 | D:1      | snakesoul the Vampire Enchanter began the quest for the Orb.
     0 | D:1      | Reached XP level 1. HP: 13/13 MP: 3/3
   133 | D:1      | Reached XP level 2. HP: 19/19 MP: 5/5
   139 | D:1      | Learned a level 2 spell: Ensorcelled Hibernation
   676 | D:1      | Reached skill level 5 in Hexes
  1277 | D:1      | Reached XP level 3. HP: 4/24 MP: 3/6
  4452 | D:1      | Reached skill level 5 in Stealth
  4452 | D:1      | Reached XP level 4. HP: 15/30 MP: 3/7
  7347 | D:1      | Noticed an orc knight
  7350 | D:1      | Noticed an orc warrior
  7350 | D:1      | Noticed an orc sorcerer
  7352 | D:1      | Noticed a troll
  7353 | D:1      | Noticed a sun demon
  7365 | D:1      | Demolished by a sun demon

Vault maps used:
D:1:      dpeg_arrival_arbitrary_b

Skill      XL: |  1  2  3 |
---------------+----------+-----
Hexes          | 5 |  5.8
Short Blades   | 2 |  2.1
Stealth        | 5 |  5.1
Dodging        | |  2.1
Spellcasting   | |  2.6

Action                   |  1- 3 |  4- 6 || total
-------------------------+-------+-------++-------
Melee: Dagger            |   131 |    13 ||   144
       Bite              |    12 |     3 ||    15
 Cast: Ensorcelled Hiber |     9 |     3 ||    12
  Use: Potion            |     1 |     1 ||     2
       Scroll            |       |     2 ||     2
 Stab: Sleeping          |    17 |       ||    17
       Distracted        |     1 |       ||     1
Armor: Robe              |    20 |     1 ||    21
Dodge: Dodged            |    53 |     6 ||    59
